 Dungeon Crawl Stone Soup version 0.28.0-1-gb440e238dd (webtiles) character file.

Game seed: 8271411480699669205

86 themarg the Conjurer (level 4, -9/24 HPs)
             Began as a Tengu Conjurer on Feb 22, 2022.
             Mangled by Crazy Yiuf (17 damage)
             ... on level 2 of the Dungeon.
             The game lasted 00:05:59 (2243 turns).

themarg the Conjurer (Tengu Conjurer)               Turns: 2243, Time: 00:05:59

Health: -9/24      AC:  2    Str:  8    XL:     4   Next: 49%
Magic:  8/8        EV: 12    Int: 20    God:
Gold:   73         SH:  0    Dex: 12    Spells: 5/8 levels left

rFire   . . .      SeeInvis .   c - +0 dagger (venom)
rCold   . . .      Faith    .   (no shield)
rNeg    . . .      Spirit   .   a - +0 robe
rPois   .          Reflect  .   (helmet restricted)
rElec   .          Harm     .   (no cloak)
rCorr   .          Rampage  .   (no gloves)
Will    .....                   (boots unavailable)
Stlth   ++........              (no amulet)
HPRegen 0.08/turn               (no ring)
MPRegen 0.11/turn               (no ring)

@: no status effects
A: beak, talons 3
a: no special abilities


You were on level 2 of the Dungeon.
You visited 1 branch of the dungeon, and saw 2 of its levels.

You collected 73 gold pieces.

Inventory:

Hand Weapons
 b - a +0 dagger
 c - a +0 dagger of venom (weapon)
Armour
 a - a +0 robe (worn)
Jewellery
 f - an amulet of guardian spirit
Scrolls
 d - 2 scrolls of blinking {unknown}
 g - a scroll of fog {unknown}
 i - a scroll of teleportation {unknown}
 j - 3 scrolls of identify {unknown}
 k - a scroll of vulnerability {unknown}
Potions
 e - a potion of flight {unknown}
 h - a potion of berserk rage {unknown}
 l - a potion of resistance {unknown}
 m - a potion of curing {unknown}
 n - a potion of heal wounds {unknown}


   Skills:
 + Level 2.4 Dodging
 + Level 2.5 Stealth
 + Level 2.5 Spellcasting
 + Level 6.8 Conjurations


You had 5 spell levels left.
You knew the following spells:

 Your Spells              Type           Power      Damage    Failure   Level
a - Magic Dart            Conj           100%       1d8       1%          1
b - Searing Ray           Conj           60%        2d6       1%          2

Your spell library contained the following spells:

 Spells                   Type           Power      Damage    Failure   Level
 Dazzling Flash           Conj/Hex       32%        N/A       11%         3
 Fulminant Prism          Conj/Hex       8%         3d7       36%         4
 Iskenderun's Mystic Bla  Conj/Tloc      16%        2d5       36%         4


Dungeon Overview and Level Annotations

Branches:
Dungeon (2/15)

Altars:

Annotations:
D:2 Crazy Yiuf


Innate Abilities, Weirdness & Mutations

You have a beak for a mouth.
You have claws for feet.


Message History

Found a stone staircase leading up.
There is a stone staircase leading up here.
Things that are here:
a +0 robe; a +0 club Crazy Yiuf shouts!
Okay, then.
You open the door.
Crazy Yiuf grits, "Ten leg arm!"
Casting: Searing Ray (safe; 1% risk of failure)
Confirm with . or Enter, or press ? or * to list all spells.
Aiming: Searing Ray (safe; 1% risk of failure)
Press: ? - help, Shift-Dir - straight line The searing ray hits Crazy Yiuf.
Crazy Yiuf is lightly wounded. (Press . to maintain the ray.) Crazy Yiuf hits you with a +4 quarterstaff of chaos!
Ouch! That really hurt!
Crazy Yiuf burns you.
* * * LOW HITPOINT WARNING * * *
Things that are here:
a +0 robe; a +0 club Crazy Yiuf says, "Crazy?
Crazy!?
PORCUPINE!"
Crazy Yiuf laughs, "Iron pizzabubble aubergine!"
Crazy Yiuf grits, "Millenium!
East tea down."
You hit Crazy Yiuf.
Crazy Yiuf is poisoned.
Your kick misses Crazy Yiuf. You peck Crazy Yiuf.
Crazy Yiuf is moderately wounded.
Crazy Yiuf closely misses you.
You see here a +0 dagger.
You barely miss Crazy Yiuf. Your peck misses Crazy Yiuf.
Crazy Yiuf is severely wounded.
Crazy Yiuf looks more healthy.
Crazy Yiuf glowers.
Crazy Yiuf misses you.
Crazy Yiuf says, "Fire!
Powder chair snockshim."
You hit Crazy Yiuf but do no damage. You claw Crazy Yiuf, but do no damage.
Crazy Yiuf is severely wounded.
Crazy Yiuf hits you with a +4 quarterstaff of chaos!
Ouch! That really hurt!
You die... '# #### #.....# #.##....# .♣ #..###.....## #.##....# ♣♣ ##.##....)..# #.##....# ♣ ##.##.##.##.# #.##....# ♣ #...#.##.##.# #.##.##.# ♣♣ #.#......##.###.......# P♣♣ #...#....##.##.....#### # PP♣

#..##.....#g##.##### # .##
#..........@##.###### # ..#
#...........##.##...########
..#
####...........##.#.........
..#
##.....#######...########
#.# ##...## ##.## # #.#
##...# #.# # #.# #...#
#.#### #.### #...# #....#
....# #...########.##.#


You could see Crazy Yiuf.

Vanquished Creatures
  Jessica (D:2)
  An adder (D:2)
  A dart slug (D:1)
  3 bats
  7 endoplasms
  A giant cockroach (D:2)
  8 hobgoblins
  5 jackals
  A quokka (D:1)
  4 ball pythons
  A frilled lizard (D:2)
  6 goblins
  2 kobolds (D:2)
  2 rats
43 creatures vanquished.

Notes
Turn   | Place    | Note
-------+----------+-------------------------------------------
     0 | D:1      | themarg the Tengu Conjurer began the quest for the Orb.
     0 | D:1      | Reached XP level 1. HP: 10/10 MP: 4/4
   162 | D:1      | Reached XP level 2. HP: 15/15 MP: 3/6
   166 | D:1      | Learned a level 2 spell: Searing Ray
   694 | D:1      | Found a faded altar of an unknown god.
   711 | D:1      | Reached skill level 6 in Conjurations
   711 | D:1      | Reached XP level 3. HP: 16/19 MP: 2/7
  1000 | D:2      | Noticed Jessica
  1004 | D:2      | Killed Jessica
  1229 | D:2      | Reached XP level 4. HP: 24/24 MP: 4/8
  2017 | D:2      | Found a runed translucent door.
  2018 | D:2      | Noticed Crazy Yiuf
  2243 | D:2      | Mangled by Crazy Yiuf

Illustrated notes

Levels and vault maps discovered:
D:1:      nicolae_arrival_somewhat_less_tricky_arrival, layout_rooms,
          shapermc_ecumenical_altar_gd
D:2:      layout_loops_cross, uniq_jessica, uniq_crazy_yiuf_cottage

Skill      XL: |  1  2 |
---------------+-------+-----
Conjurations   | 6 |  6.8
Dodging        | |  2.4
Stealth        | |  2.5
Spellcasting   | |  2.5

Action                   |  1- 3 |  4- 6 || total
-------------------------+-------+-------++-------
Melee: Dagger            |     7 |     3 ||    10
       Kick              |     3 |     1 ||     4
       Peck              |     1 |     1 ||     2
 Cast: Magic Dart        |    42 |    24 ||    66
       Searing Ray       |     1 |     3 ||     4
Armor: Robe              |     1 |     1 ||     2
Dodge: Dodged            |    11 |     3 ||    14
